 Dungeon Crawl Stone Soup version 0.27-a0-1299-g1ab19c6527 (webtiles) character file.

Game seed: 1216948549095374446

43 flotson the Sneak (level 3, -3/29 HPs)
             Began as a Demonspawn Delver on June 16, 2021.
             Slain by a phantom (7 damage)
             ... on level 3 of the Dungeon.
             The game lasted 00:04:06 (872 turns).

flotson the Sneak (Demonspawn Delver)                Turns: 872, Time: 00:04:07

Health: -3/29      AC:  5    Str: 13    XL:     3   Next: 37%
Magic:  3/3        EV: 11    Int: 11    God:
Gold:   10         SH:  0    Dex: 14    Spells: 2/2 levels left

rFire    . . .     SeeInvis .   a - +0 hand axe
rCold    . . .     Faith    .   (no shield)
rNeg     . . .     Spirit   .   b - +0 ring mail
rPois    .         Reflect  .   (no helmet)
rElec    .         Harm     .   (no cloak)
rCorr    .         Rampage  .   (no gloves)
Will     .....                  (no boots)
Stlth    ++........             (no amulet)
HPRegen  0.09/turn              (no ring)
MPRegen  0.08/turn              (no ring)

@: no status effects
A: hooves 1, demonic guardian 1
a: no special abilities


You were on level 3 of the Dungeon.
You visited 1 branch of the dungeon, and saw 3 of its levels.

You collected 10 gold pieces.

Inventory:

Hand Weapons
 a - a +0 hand axe (weapon)
Armour
 b - a +0 ring mail (worn)
Wands
 g - a wand of digging (2)
Scrolls
 c - 2 scrolls of fog
 d - a scroll of enchant armour {unknown}
 h - a scroll of teleportation {unknown}
 i - 2 scrolls of enchant weapon {unknown}


   Skills:
 + Level 3.4 Fighting
 + Level 2.3 Axes
 + Level 1.1 Armour
 + Level 2.3 Dodging
 - Level 4.5 Stealth
 + Level 0.0 Evocations


You had 2 spell levels left.
You didn't know any spells.
Your spell library was empty.

Dungeon Overview and Level Annotations

Branches:
Dungeon (5/15)             Temple (0/1) D:5

Altars:

Shops:
D:5 :*


Innate Abilities, Weirdness & Mutations

You have large cloven feet.
A weak demonic guardian rushes to your aid.


Message History

Your quasit misses the phantom. The bat hits you but does no damage.
The bat completely misses you.
The phantom hits your quasit but does no damage.
The bat barely misses you. The bat hits you.
* * * LOW HITPOINT WARNING * * *
The quokka closely misses your quasit.
Your quasit bites the quokka.
Your quasit closely misses the quokka.
Your quasit barely misses the quokka.
The bat hits you but does no damage.
The quokka bites your quasit but does no damage.
Your quasit bites the quokka.
Your quasit claws the quokka.
Your quasit closely misses the quokka.
Your quasit bites the quokka.
The quokka dies!
The bat hits you but does no damage. The bat closely misses you.
The bat barely misses you. The bat hits you but does no damage.
Your quasit misses the phantom.
Your quasit closely misses the phantom.
Your quasit claws the phantom.
The bat hits you but does no damage.
A goblin comes into view. It is wielding a +2 dagger of speed.
The bat misses you. The bat hits you but does no damage. The bat hits you.
* * * LOW HITPOINT WARNING * * *
A demonic guardian appears!
Found 16 arrows and 9 gold pieces.
The bat completely misses you.
Your iron imp hits the bat!
The bat dies!
You see here 16 arrows.
Your iron imp closely misses the phantom.
Press: ? - help, v - describe, . - travel
Here: a goblin, wielding a +2 dagger of speed The floor.
Your iron imp barely misses the phantom.
You hit the goblin. Your kick misses the goblin.
The goblin is moderately wounded.
The goblin hits you but does no damage.
You hit the goblin. You kick the goblin.
You kill the goblin!
You hit the phantom but do no damage. The phantom hits you!
You die...

####...# #.#
W....#.# #.#
#.##...# #.#
#.##########.# #
.....5W..W.#.#.#
#..#######.#.#.#.#
#.## #.g.....# #.#
###W#.#### #.#
#.#.)@.# ###
#.#.##W# #.####5##
#5W5(..$#
#########


You could see a phantom (ally target) and a friendly iron imp (summoned).

Vanquished Creatures
  A hound (D:5)
  A dart slug (D:4)
  2 orcs (D:4)
  3 goblins
  A hobgoblin (D:3)
  A kobold (D:3)
9 creatures vanquished.

Vanquished Creatures (collateral kills)
  A giant cockroach (D:3)
  A quokka (D:3)
  A bat (D:3)
3 creatures vanquished.

Vanquished Creatures (others)
  6 plants (D:5)
6 creatures vanquished.

Grand Total: 18 creatures vanquished

Notes
Turn   | Place    | Note
-------+----------+-------------------------------------------
     0 | D:5      | flotson the Demonspawn Delver began the quest for the Orb.
     0 | D:5      | Reached XP level 1. HP: 18/18 MP: 1/1
   141 | D:5      | Noticed an ice beast
   164 | D:5      | Found a staircase to the Ecumenical Temple.
   166 | D:5      | Found Huhenify's Assorted Antiques.
   173 | D:5      | Noticed a water moccasin zombie
   174 | D:5      | Noticed an iguana
   183 | D:5      | Noticed a hound
   190 | D:5      | Noticed an ogre
   487 | D:4      | Gained mutation: You have large cloven feet. [demonic
                  | ancestry]
   487 | D:4      | Reached XP level 2. HP: 24/24 MP: 2/2
   504 | D:5      | Reached skill level 1 in Armour
   504 | D:5      | Gained mutation: A weak demonic guardian rushes to your
                  | aid. [demonic ancestry]
   504 | D:5      | Reached XP level 3. HP: 19/29 MP: 3/3
   646 | D:4      | Identified the +4 quarterstaff of Prudence {elec, Will+}
   660 | D:4      | Noticed a phantom
   826 | D:4      | Noticed a scorpion
   872 | D:3      | Slain by a phantom

Illustrated notes

Levels and vault maps discovered:
D:3:      layout_basic, hex_intersection, uniq_jessica
D:4:      layout_cave_pods
D:5:      layout_cave_pools, minmay_temple_entry_overgrown, serial_shops, shop,
          nicolae_lakefront_shop, shop,
          nicolae_shop_temple_entry_statues_fountains, nicolae_shop_waterfront,
          minmay_misc_feat_rugged, uniq_blork_the_orc, uniq_duvessa

Skill      XL: |  1  2 |
---------------+-------+-----
Axes           | 2 |  2.3
Dodging        | 2 |  2.3
Armour         | 1 |  1.1
Fighting       | |  3.4
Stealth        | |  4.5

Action                   || total
-------------------------++-------
Melee: Hand axe          ||    45
       Kick              ||     5
Evoke: Wand              ||     1
  Use: Scroll            ||     2
       Potion            ||     1
 Stab: Sleeping          ||     1
Armor: Scale mail        ||    15
       Ring mail         ||    29
Dodge: Dodged            ||    56

Table legend: (Time is in decaauts)
 A = Elapsed time spent in this place.
 B = Non-inter-level travel time spent in this place.
 C = Inter-level travel time spent in this place.
 D = Time resting spent in this place.
 E = Time spent auto-exploring this place.
 F = Levels seen in this place.
 G = Mean time per level.
                   A        B        C        D        E       F      G
               +--------+--------+--------+--------+--------+-----+--------+
         Total |    863 |    863 |      0 |    108 |    352 |   3 |  287.7 |
       Dungeon |    863 |    863 |      0 |    108 |    352 |   3 |  287.7 |
               +--------+--------+--------+--------+--------+-----+--------+

Top non-repeatable levels by time:
     D:4: 460 daAuts
     D:5: 258 daAuts
     D:3: 144 daAuts
